Map: New Richmond

Players

EverCare

  • Race: Terran Terran
  • Spawn Location: 6:00

SirTocadores

  • Race: Zerg Zerg
  • League: Platinum
  • Spawn Location: 7:00

BrutFors

  • Race: Terran Terran
  • Spawn Location: 5:00

Loken

  • Race: Zerg Zerg
  • League: Platinum
  • Spawn Location: 3:00

Myran

  • Race: Protoss Protoss
  • Spawn Location: 12:00

dallaskuken

  • Race: Protoss Protoss
  • League: Platinum
  • Spawn Location: 11:00

VOD

Have the link to the VOD?

Description

Time

  • Played on: April 6, 2017, 6:41 p.m.
  • Length: 20:08
Show
View Real Time Build Order
Export as new Build Order

EverCare Terran 

Build Orders:  

Get SALT Encoding   

  12  0:01  SCV  
  13  0:13  SCV  
  14  0:20  Supply Depot  
  14  0:25  SCV  
  15  0:33  Refinery  
  15  0:42  SCV  
  16  0:49  Barracks  
  16  0:54  SCV  
  17  1:00  Refinery  
  17  1:06  SCV  
  18  1:18  SCV  
  20  1:36  Orbital Command  
  20  1:37  Supply Depot  
  20  1:38  Marine  
  20  1:49  Factory  
  20  2:06  Factory  
  20  2:10  SCV  
  21  2:23  SCV  
  22  2:35  SCV  
  22  2:36  Factory Tech Lab  
  23  2:48  SCV, Supply Depot  
  24  2:52  Factory Reactor  
  24  2:59  Siege Tank  
  27  3:06  Starport  
  27  3:17  Armory  
  27  3:24  Supply Depot  
  27  3:30  Hellion x2  
  27  3:32  Siege Tank  
  34  3:44  Medivac  
  36  3:51  Hellion x2  
  40  4:21  Command Center  
  40  4:41  Command Center  
  35  5:15  Starport  
  35  5:16  Starport  
  35  5:24  Engineering Bay  
  35  5:35  Orbital Command  
  35  5:36  Refinery  
  35  5:42  Starport Reactor  
  35  5:56  Refinery  
  35  6:06  Starport Reactor  
  35  6:07  Starport Reactor  
  35  6:10  Missile Turret  
  35  6:13  Orbital Command  
  35  6:17  SCV x2  
  37  6:21  Viking  
  39  6:26  Terran Ship Weapons Level 1  
  39  6:29  SCV x2  
  41  6:41  SCV  
  41  6:44  Viking  
  41  6:45  Viking x2  
  48  6:52  SCV x2, Refinery  
  48  6:53  SCV  
  51  7:01  Missile Turret  
  51  7:04  SCV x2  
  51  7:05  SCV  
  54  7:16  SCV x2  
  54  7:18  SCV  
  54  7:20  Viking  
  54  7:21  Viking  
  61  7:46  Viking x4  
  69  7:52  Supply Depot  
  69  7:53  Supply Depot  
  69  8:03  SCV x3  
  72  8:15  SCV x2  
  72  8:18  Supply Depot  
  72  8:19  Viking x2, Supply Depot  
  78  8:28  Terran Ship Weapons Level 2  
  78  8:33  Missile Turret  
  78  8:36  SCV  
  78  8:37  SCV x2, Refinery  
  81  8:42  Viking  
  81  8:46  Supply Depot  
  81  8:48  Supply Depot  
  83  8:49  SCV x3  
  86  9:01  SCV x3  
  89  9:07  Viking x2  
  89  9:08  Viking x2  
  97  9:12  Supply Depot  
  97  9:13  SCV x2  
  99  9:24  Siege Tank  
  102  9:34  Factory Tech Lab  
  102  9:39  Factory  
  102  9:40  Factory  
  102  9:52  Viking  
  102  9:53  Viking x2  
  108  10:17  Viking x3  
  114  10:22  Viking  
  114  10:23  Viking  
  114  10:25  Command Center  
  114  10:27  Command Center  
  118  10:31  Factory Tech Lab  
  118  10:40  Starport, Fusion Core  
  118  10:42  Thor  
  124  10:43  Siege Tank  
  127  10:50  Thor  
  133  11:12  Terran Vehicle And Ship Armor Level 1  
  133  11:31  Viking  
  133  11:36  Viking x4, Thor  
  147  11:46  Viking  
  143  12:01  Viking  
  143  12:06  Viking  
  143  12:07  Thor x2  
  159  12:17  Orbital Command  
  159  12:20  Orbital Command  
  159  12:32  Starport Tech Lab  
  159  12:33  Supply Depot  
  159  12:35  Supply Depot  
  159  12:36  Supply Depot  
  159  12:39  Supply Depot  
  159  12:45  Starport Tech Lab  
  159  12:54  Thor  
  165  13:02  SCV x2  
  165  13:03  SCV x3  
  170  13:07  Terran Vehicle Weapons Level 1, Refinery  
  170  13:17  Missile Turret  
  170  13:23  Thor, Siege Tank  
  179  13:32  Factory Tech Lab  
  179  13:37  Starport Tech Lab  
  179  13:38  Missile Turret, Starport Tech Lab, Siege Tank  
  182  13:49  Supply Depot  
  182  13:52  Refinery  
  182  13:54  Refinery  
  182  13:55  Thor  
  188  13:56  Refinery  
  188  14:00  Siege Tank  
  191  14:06  Siege Tank  
  194  14:11  Thor  
  200  15:01  Terran Ship Weapons Level 3  
  147  15:40  Thor x3, Siege Tank  
  143  16:00  Starport Tech Lab  
  131  16:05  Starport Reactor x2  
  131  16:10  Starport Reactor  
  125  16:13  Siege Tank  
  128  16:19  Starport x2  
  128  16:23  Thor, Siege Tank, Starport Reactor  
  128  16:24  Starport  
  137  16:26  Starport  
  137  16:28  Starport  
  137  16:46  Viking x5  
  137  16:47  Viking  
  118  17:06  Starport Reactor x2  
  106  17:11  Starport Reactor x2  
  106  17:16  Viking x2  
  106  17:21  Viking x3  
  106  17:22  Viking x4  
  121  17:45  Viking x4  
  121  17:46  Viking x2  
  121  17:47  Viking x2  
  121  17:48  Viking  
  121  17:49  Viking  
  141  17:51  Viking x3  
  141  17:52  Viking x4  
  152  18:14  Viking  
  152  18:15  Viking x3  
  152  18:16  Viking x2  
  152  18:17  Viking x2  
  152  18:18  Viking  
  152  18:19  Viking  
  169  18:21  Viking x3  
  169  18:22  Viking x4  
  173  18:44  Viking  
  173  18:45  Viking x2  
  178  19:01  Missile Turret  
  173  19:07  Engineering Bay  
  168  19:11  Supply Depot  
  168  19:13  Supply Depot  
  159  19:18  Supply Depot  
  119  19:35  Supply Depot  
  119  19:37  Supply Depot  
  109  19:43  Supply Depot  
  115  19:48  Starport Reactor  
  131  20:00  Supply Depot  
Show
View Real Time Build Order
Export as new Build Order

SirTocadores Zerg 

Build Orders: Pool First, Lurkers 

Get SALT Encoding   

  12  0:03  Drone  
  13  0:11  Drone  
  14  0:18  Overlord  
  14  0:37  Drone  
  14  0:40  Spawning Pool, Extractor  
  13  0:46  Drone  
  14  0:50  Drone  
  15  1:02  Drone x2  
  17  1:22  Hatchery  
  16  1:29  Zergling x2  
  16  1:30  Zergling x2  
  18  1:37  Drone  
  19  1:42  Drone  
  20  1:53  Metabolic Boost  
  20  1:55  Overlord  
  20  2:05  Queen  
  22  2:14  Spine Crawler, Drone  
  22  2:28  Drone x2  
  24  2:44  Drone x2  
  26  2:57  Zergling x2  
  26  2:58  Zergling x6  
  30  3:10  Spine Crawler, Queen  
  31  3:18  Zergling x6  
  33  3:31  Zergling x6  
  34  3:46  Queen  
  34  3:48  Spine Crawler, Drone  
  35  3:49  Overlord x2  
  36  4:08  Zergling x2  
  36  4:09  Zergling x8  
  38  4:13  Zergling x2  
  37  4:23  Zergling x2  
  37  4:24  Zergling x2  
  36  4:32  Zergling x2  
  37  4:45  Evolution Chamber  
  37  4:46  Drone  
  37  4:47  Drone x2  
  37  4:52  Spore Crawler  
  36  5:16  Drone x5  
  36  5:17  Drone x3  
  43  5:29  Overlord x3  
  42  5:52  Drone  
  42  5:53  Drone x4  
  40  6:11  Spore Crawler  
  38  6:19  Spore Crawler  
  37  6:47  Spawning Pool  
  37  6:53  Extractor  
  37  6:54  Queen  
  37  7:22  Extractor  
  36  7:46  Hatchery  
  35  7:53  Drone x3  
  38  8:02  Lair  
  38  8:18  Hatchery  
  37  8:26  Drone  
  37  8:27  Drone x2  
  40  8:36  Spore Crawler  
  39  8:53  Hatchery  
  38  9:06  Zergling x2  
  38  9:07  Zergling x6  
  42  9:16  Drone  
  43  9:33  Hydralisk Den  
  43  9:34  Drone  
  43  9:35  Drone x4  
  43  9:37  Drone x3  
  50  9:46  Queen  
  52  9:55  Evolution Chamber  
  52  9:57  Drone x5  
  52  9:59  Evolution Chamber  
  55  10:08  Drone x6, Extractor  
  55  10:09  Drone  
  55  10:10  Extractor  
  55  10:13  Drone x2  
  62  10:20  Muscular Augments  
  62  10:21  Hydralisk x2  
  66  10:38  Overseer  
  66  10:39  Pneumatized Carapace  
  66  10:48  Drone  
  66  10:49  Drone x3  
  71  10:50  Drone x6  
  71  10:51  Drone x2  
  78  11:00  Spine Crawler  
  78  11:03  Spore Crawler  
  76  11:07  Spore Crawler  
  76  11:11  Drone x4  
  78  11:12  Overlord  
  72  11:34  Hydralisk  
  72  11:35  Hydralisk x6  
  72  11:36  Hydralisk x3  
  80  11:46  Overlord x3  
  80  11:58  Overlord x4  
  74  12:10  Spine Crawler  
  74  12:11  Lurker Den  
  74  12:13  Zergling x10  
  74  12:14  Zergling x6  
  80  12:29  Overseer  
  80  12:31  Zergling x2  
  80  12:32  Zergling x6, Hydralisk x5  
  94  12:55  Overseer  
  94  13:01  Hydralisk x2  
  94  13:02  Hydralisk x3  
  94  13:03  Zergling x2  
  94  13:04  Zergling x6, Overlord x2  
  108  13:13  Evolution Chamber  
  108  13:19  Evolution Chamber  
  106  13:23  Infestation Pit  
  105  13:27  Drone x6  
  105  13:28  Drone x3  
  114  13:49  Hatchery  
  114  13:50  Lurker  
  114  13:53  Lurker x2  
  114  13:54  Lurker x2, Hydralisk x2  
  114  13:55  Hydralisk x6  
  133  14:44  Hydralisk x2  
  133  14:45  Hydralisk x7  
  141  14:51  Hatchery  
  150  14:54  Overlord x3  
  150  15:09  Hydralisk  
  150  15:10  Hydralisk x2  
  156  15:14  Overlord x4  
  156  15:15  Zergling x6  
  144  16:11  Drone x2  
  144  16:12  Drone x5  
  144  16:13  Drone  
  134  16:38  Hydralisk x4  
  134  16:39  Hydralisk x7  
  127  16:40  Hydralisk x4  
  114  17:03  Hydralisk x4  
  114  17:04  Hydralisk x7  
  114  17:05  Hydralisk  
  122  17:23  Hydralisk x4  
  122  17:24  Hydralisk x2  
  79  17:53  Hydralisk  
  79  17:54  Hydralisk x6  
  79  17:55  Hydralisk x3  
  74  18:17  Hydralisk  
  74  18:18  Hydralisk x6  
  74  18:19  Hydralisk  
  84  18:29  Hydralisk  
  86  18:34  Hatchery  
  85  18:53  Hydralisk x5  
  95  19:12  Extractor  
  95  19:14  Extractor  
  93  19:17  Drone x4  
  93  19:18  Drone x5  
  102  20:00  Spore Crawler  
  102  20:04  Extractor  
  102  20:05  Extractor  
Show
View Real Time Build Order
Export as new Build Order

BrutFors Terran 

Build Orders:  

Get SALT Encoding   

  12  0:02  SCV  
  13  0:18  Supply Depot  
  13  0:19  SCV  
  14  0:31  SCV  
  15  0:42  Barracks  
  15  0:43  SCV  
  16  0:53  Barracks  
  16  0:56  SCV  
  17  1:04  Refinery  
  17  1:08  SCV  
  18  1:19  Barracks  
  18  1:34  Orbital Command  
  18  1:37  Marine  
  19  1:42  Marine  
  20  1:48  Supply Depot  
  20  1:57  Reaper  
  20  2:00  Marine  
  22  2:07  Marine  
  23  2:15  Supply Depot  
  23  2:18  Marine  
  24  2:26  Barracks Reactor  
  24  2:29  Marine  
  25  2:36  Marine  
  26  2:46  Marine  
  27  3:00  Barracks Tech Lab  
  26  3:09  Marine x2  
  29  3:19  Marine  
  29  3:21  Combat Shields  
  29  3:22  Barracks Reactor  
  29  3:27  Marine x2  
  29  3:32  Bunker  
  29  3:33  Supply Depot  
  31  3:39  Marine  
  32  3:45  Marine x2  
  34  3:56  Marine, Supply Depot  
  34  4:02  Marine  
  36  4:18  Supply Depot  
  36  4:24  Marine x5  
  40  4:42  Marine x3, Engineering Bay  
  31  6:07  Refinery  
  31  6:15  Missile Turret  
  31  6:16  Missile Turret  
  31  6:21  Missile Turret  
  31  6:22  Marine x5  
  31  6:25  Terran Infantry Weapons Level 1  
  36  6:28  SCV  
  37  6:36  Missile Turret  
  37  6:39  Marine  
  37  6:40  SCV, Marine x3  
  42  6:50  Missile Turret  
  42  6:52  SCV  
  43  7:04  SCV  
  44  7:09  Bunker  
  44  7:15  Missile Turret  
  44  7:16  SCV  
  45  7:28  SCV  
  44  7:47  Marine x4  
  44  7:48  Marine  
  44  7:50  Command Center  
  49  8:05  Marine x3  
  52  8:17  Command Center  
  52  8:19  Hi-Sec Auto Tracking  
  52  8:20  Factory  
  52  8:24  Factory  
  52  8:26  Supply Depot  
  52  8:49  Supply Depot  
  52  9:11  Missile Turret  
  52  9:17  Terran Infantry Armor Level 1  
  52  9:18  Missile Turret  
  52  9:19  SCV  
  53  9:31  SCV  
  54  9:32  Marine x3  
  54  9:38  Missile Turret  
  57  9:43  SCV  
  58  9:53  SCV  
  58  9:55  SCV  
  58  9:57  Missile Turret  
  60  10:05  SCV  
  61  10:07  SCV  
  61  10:09  Bunker  
  61  10:14  Refinery  
  62  10:17  SCV  
  63  10:27  Bunker, Planetary Fortress  
  63  10:39  Bunker  
  63  10:44  Planetary Fortress  
  63  10:45  Marine x2  
  63  10:46  Marine x3  
  68  10:51  Missile Turret  
  68  11:14  Missile Turret  
  68  11:23  SCV  
  69  11:26  SCV  
  69  11:31  Refinery  
  70  11:35  SCV  
  70  11:37  Missile Turret  
  70  11:38  SCV  
  72  11:42  Marine x5  
  77  11:47  SCV  
  77  11:50  SCV  
  79  11:56  Missile Turret  
  79  11:59  Marine  
  79  12:00  SCV, Marine  
  82  12:02  SCV  
  83  12:09  Factory Tech Lab x2  
  83  12:12  SCV  
  83  12:14  SCV  
  85  12:17  Missile Turret  
  85  12:20  Marauder  
  85  12:21  Marine x2  
  85  12:22  Marine x2  
  91  12:31  Siege Tank  
  91  12:36  Missile Turret  
  94  12:39  Marine  
  94  12:41  Marauder  
  97  12:49  Command Center  
  97  12:58  Refinery  
  97  12:59  SCV  
  97  13:00  Refinery  
  97  13:03  Marauder  
  100  13:11  SCV  
  101  13:17  Marine x4  
  105  13:23  SCV  
  105  13:24  Marauder  
  105  13:26  Missile Turret  
  108  13:35  Marine  
  108  13:37  Bunker  
  109  13:46  Missile Turret  
  109  13:59  Armory  
  109  14:00  Marine x2  
  109  14:01  Marauder, Siege Tank x2  
  119  14:04  Armory  
  119  14:30  Factory  
  119  14:33  Siege Tank  
  122  14:38  Supply Depot  
  122  14:55  Missile Turret  
  122  15:00  Siege Tank, Supply Depot  
  122  15:05  Siege Tank  
  128  15:14  Missile Turret  
  128  15:15  Factory  
  128  15:22  Supply Depot  
  128  15:32  Thor  
  128  15:33  Missile Turret  
  133  15:37  Thor  
  139  15:45  Supply Depot  
  139  15:53  Missile Turret  
  139  16:05  Marine x2  
  139  16:06  Marine  
  139  16:10  Widow Mine  
  143  16:14  Widow Mine  
  145  16:18  Missile Turret  
  145  16:19  Widow Mine  
  145  16:23  SCV  
  142  16:33  Refinery  
  142  16:35  SCV  
  142  16:36  Refinery, Factory Tech Lab  
  142  16:38  Missile Turret  
  142  16:39  Widow Mine  
  122  16:43  Widow Mine  
  98  16:47  SCV  
  98  16:48  Widow Mine  
  97  16:59  Missile Turret  
  97  17:07  Widow Mine  
  99  17:12  Thor  
  105  17:17  Thor  
  105  17:18  Missile Turret  
  111  17:29  Reaper x2  
  114  17:30  Reaper  
  114  17:36  Widow Mine  
  116  17:39  Missile Turret  
  116  17:54  Thor  
  116  17:58  Missile Turret  
  122  17:59  Thor  
  122  18:01  Reaper  
  122  18:02  Reaper x2  
  122  18:05  Widow Mine  
  133  18:22  Missile Turret  
  131  18:33  Widow Mine, Reaper  
  131  18:34  Reaper x2  
  136  18:37  Widow Mine  
  138  18:42  Widow Mine  
  140  19:02  Widow Mine  
  142  19:05  Widow Mine  
  142  19:06  Reaper  
  144  19:10  Widow Mine  
  144  19:31  Factory Tech Lab  
  144  19:34  Widow Mine  
  146  19:39  Widow Mine  
Show
View Real Time Build Order
Export as new Build Order

Loken Zerg 

Build Orders: Pool First 

Get SALT Encoding   

  12  0:01  Drone  
  13  0:09  Drone  
  14  0:17  Overlord  
  14  0:35  Spawning Pool  
  13  0:37  Drone  
  13  0:41  Drone  
  15  0:46  Drone  
  16  0:50  Drone  
  17  0:59  Drone  
  18  1:11  Drone, Extractor  
  18  1:30  Queen  
  18  1:32  Hatchery  
  19  1:34  Drone  
  20  1:40  Drone  
  20  1:45  Drone  
  22  1:55  Spine Crawler, Drone  
  22  2:03  Overlord  
  22  2:26  Zergling x4  
  22  2:27  Metabolic Boost  
  24  2:44  Zergling x6  
  24  2:45  Zergling x2  
  24  2:47  Queen  
  24  2:48  Queen  
  32  2:55  Drone x3  
  35  3:14  Drone  
  35  3:24  Spine Crawler  
  33  3:30  Overlord  
  33  3:31  Overlord  
  33  3:47  Drone  
  33  3:48  Spine Crawler, Drone x3  
  35  3:51  Drone  
  35  3:52  Drone x4  
  33  4:16  Zergling x2  
  33  4:17  Zergling x10  
  3  5:10  Drone  
  3  5:11  Drone x3  
  1  5:57  Drone  
  1  7:29  Hatchery  
Show
View Real Time Build Order
Export as new Build Order

Myran Protoss 

Build Orders:  

Get SALT Encoding   

  12  0:02  Probe (Chrono Boost)  
  13  0:12  Probe (Chrono Boost)  
  14  0:22  Pylon  
  14  0:24  Probe (Chrono Boost)  
  15  0:41  Probe (Chrono Boost)  
  16  0:43  Gateway  
  16  0:51  Probe (Chrono Boost)  
  17  1:02  Probe (Chrono Boost)  
  17  1:03  Pylon  
  18  1:12  Assimilator, Probe (Chrono Boost)  
  19  1:18  Assimilator  
  19  1:23  Probe (Chrono Boost)  
  20  1:32  Cybernetics Core  
  20  1:33  Probe (Chrono Boost)  
  20  1:36  Zealot  
  23  1:44  Probe (Chrono Boost)  
  24  1:54  Probe (Chrono Boost)  
  25  2:02  Pylon  
  25  2:05  Zealot, Probe (Chrono Boost)  
  28  2:18  Stargate  
  28  2:22  Forge  
  28  2:23  Probe (Chrono Boost)  
  29  2:31  Pylon  
  29  2:34  Probe (Chrono Boost)  
  30  2:44  Probe (Chrono Boost)  
  30  2:49  Stalker  
  33  3:00  Void Ray  
  33  3:03  Photon Cannon  
  33  3:10  Probe (Chrono Boost)  
  38  3:23  Probe (Chrono Boost)  
  39  3:30  Robotics Facility  
  39  3:37  Void Ray  
  39  3:47  Photon Cannon  
  43  3:53  Pylon  
  43  4:15  Void Ray  
  43  4:16  Stalker  
  45  4:18  Warp Prism  
  45  4:53  Void Ray  
  49  5:30  Void Ray  
  53  5:44  Zealot  
  53  5:48  Nexus  
  55  6:15  Pylon  
  55  6:17  Pylon  
  55  6:22  Pylon  
  55  6:27  Void Ray  
  55  6:34  Probe (Chrono Boost)  
  60  6:47  Probe (Chrono Boost)  
  57  7:04  Void Ray  
  61  7:21  Probe (Chrono Boost)  
  62  7:31  Probe (Chrono Boost)  
  63  7:39  Pylon  
  63  7:41  Pylon, Void Ray  
  63  7:42  Probe (Chrono Boost)  
  56  7:51  Fleet Beacon  
  60  7:53  Probe (Chrono Boost)  
  60  7:58  Stargate  
  61  8:03  Probe (Chrono Boost)  
  62  8:18  Assimilator  
  62  8:22  Assimilator  
  66  8:32  Protoss Shields Level 1  
  66  8:38  Carrier  
  62  8:45  Probe (Chrono Boost)  
  69  9:06  Stalker  
  71  9:23  Warp Gate  
  71  9:29  Gateway x2  
  71  9:31  Carrier  
  71  9:39  Stalker  
  79  9:48  Graviton Catapult  
  79  9:59  Probe (Chrono Boost)  
  80  10:10  Probe (Chrono Boost)  
  80  10:12  Carrier  
  87  10:23  Pylon  
  87  10:25  Pylon  
  87  10:29  Photon Cannon  
  87  10:34  Photon Cannon  
  87  11:04  Carrier  
  87  11:05  Nexus  
  93  11:38  Carrier  
  59  12:14  Assimilator  
  59  12:18  Assimilator  
  59  12:19  Carrier  
  59  12:20  Stalker  
  59  12:21  Stalker x2, Pylon  
  65  12:31  Protoss Ground Weapons Level 1  
  65  12:34  Protoss Air Weapons Level 1  
  71  12:43  Gateway  
  71  12:45  Gateway  
  71  13:00  Carrier  
  77  13:29  Probe (Chrono Boost)  
  77  13:33  Carrier  
  78  13:38  Stalker x2  
  78  13:39  Stalker  
  85  13:42  Probe (Chrono Boost)  
  91  13:50  Photon Cannon  
  91  14:06  Stalker x3  
  91  14:07  Stalker x2  
  101  14:16  Twilight Council  
  101  14:28  Protoss Air Armor Level 1  
  101  14:42  Stalker  
  101  14:43  Stalker x2, Carrier  
  101  14:44  Stalker x2  
  117  15:02  Carrier  
  117  15:08  Zealot x2  
  117  15:09  Zealot x3  
  133  15:23  Blink  
  98  15:58  Carrier  
  67  17:49  Nexus  
  61  17:59  Carrier  
  61  19:02  Probe (Chrono Boost)  
  67  19:13  Probe (Chrono Boost)  
Show
View Real Time Build Order
Export as new Build Order

dallaskuken Protoss 

Build Orders:  

Get SALT Encoding   

  12  0:01  Probe (Chrono Boost)  
  13  0:17  Pylon  
  13  0:18  Probe (Chrono Boost)  
  14  0:29  Probe (Chrono Boost)  
  15  0:39  Probe (Chrono Boost)  
  16  0:45  Gateway  
  16  0:50  Assimilator, Probe (Chrono Boost)  
  17  1:00  Probe (Chrono Boost)  
  19  1:11  Probe (Chrono Boost)  
  19  1:17  Assimilator  
  20  1:25  Probe (Chrono Boost)  
  20  1:26  Gateway, Pylon  
  20  1:36  Probe (Chrono Boost)  
  21  1:41  Cybernetics Core  
  21  1:47  Probe (Chrono Boost)  
  22  1:49  Zealot  
  24  1:57  Probe (Chrono Boost)  
  25  2:08  Probe (Chrono Boost)  
  26  2:18  Stalker x2  
  26  2:20  Warp Gate  
  30  2:29  Pylon  
  30  2:48  Mothership Core (Chrono Boost)  
  32  3:02  Stalker x2  
  36  3:06  Probe (Chrono Boost)  
  33  3:43  Stalker x2  
  37  3:52  Stargate  
  37  3:54  Pylon  
  37  4:12  Probe (Chrono Boost)  
  37  4:13  Stalker x2  
  42  4:31  Gateway  
  42  4:33  Gateway  
  42  4:36  Gateway  
  42  4:37  Gateway  
  34  5:22  Nexus  
  34  5:27  Pylon  
  34  5:29  Pylon  
  34  5:33  Void Ray  
  38  5:42  Stalker x3  
  38  5:43  Stalker x2  
  44  6:10  Nexus  
  44  6:13  Stalker x4  
  52  6:26  Void Ray  
  56  6:35  Probe (Chrono Boost)  
  57  6:46  Probe (Chrono Boost)  
  58  6:56  Probe (Chrono Boost)  
  59  7:07  Probe (Chrono Boost)  
  60  7:18  Probe (Chrono Boost)  
  61  7:24  Assimilator  
  61  7:28  Probe x2 (Chrono Boost)  
  61  7:29  Assimilator  
  63  7:39  Probe (Chrono Boost)  
  63  7:41  Pylon  
  63  7:42  Pylon  
  63  7:44  Pylon  
  64  7:48  Fleet Beacon  
  64  7:49  Probe (Chrono Boost)  
  65  8:03  Probe (Chrono Boost)  
  66  8:08  Sentry x2  
  66  8:10  Stalker x3  
  76  8:13  Probe (Chrono Boost)  
  77  8:24  Probe (Chrono Boost)  
  78  8:27  Carrier  
  84  8:35  Probe (Chrono Boost)  
  85  8:45  Probe (Chrono Boost)  
  92  9:08  Stalker x2  
  96  9:32  Stargate  
  96  9:42  Carrier  
  96  9:52  Pylon  
  96  9:54  Pylon  
  96  9:56  Pylon  
  96  9:57  Protoss Air Weapons Level 1  
  96  9:59  Pylon  
  102  10:20  Carrier  
  108  10:59  Carrier  
  108  11:09  Nexus  
  114  11:12  Assimilator  
  114  11:14  Assimilator  
  114  11:19  Pylon  
  114  11:21  Pylon  
  106  11:46  Carrier  
  108  12:13  Carrier  
  108  12:21  Probe (Chrono Boost)  
  115  12:32  Probe (Chrono Boost)  
  116  12:42  Probe (Chrono Boost)  
  117  12:46  Protoss Air Armor Level 1  
  117  12:53  Probe (Chrono Boost)  
  118  13:04  Stargate  
  118  13:07  Stargate  
  118  13:12  Carrier  
  124  13:30  Carrier  
  130  13:54  Carrier  
  130  13:55  Carrier  
  142  14:00  Pylon  
  142  14:02  Pylon  
  142  14:07  Cybernetics Core  
  142  14:11  Forge  
  133  14:37  Carrier  
  138  14:43  Protoss Air Weapons Level 2  
  138  14:44  Carrier  
  138  14:58  Protoss Air Armor Level 2  
  146  15:09  Mothership Core (Chrono Boost)  
  146  15:10  Pylon  
  146  15:12  Pylon  
  124  16:06  Carrier  
  124  16:07  Carrier  
  110  16:52  Carrier  
  96  17:56  Carrier  
  102  18:10  Carrier  
Tags
 
Add a new tag
Caveats
  • Supply blocks, unpowered buildings, or Contaminate may cause inaccurate times.
  • Supply counts are checked every 10 seconds.